 Dungeon Crawl Stone Soup version 0.24-a0-317-g5cb8de4 (webtiles) character file.

Game seed: 1065337898713737148

23321 ShaftProof the Thrower (level 12, -10/95 HPs)
             Began as a Centaur Arcane Marksman on May 16, 2019.
             Was a High Priest of Okawaru.
             Mangled by a large slime creature (12 damage)
             ... in a Gauntlet.
             The game lasted 01:26:21 (22325 turns).

ShaftProof the Thrower (Centaur Arcane Marksman)   Turns: 22325, Time: 01:26:21

Health: -10/95     AC: 19    Str: 18    XL:     12   Next: 70%
Magic:  16/16      EV:  4    Int: 12    God:    Okawaru [*****.]
Gold:   634        SH:  9    Dex: 10    Spells: 9/13 levels left

rFire    . . .     SeeInvis .   b - +1 trident
rCold    + + .     Gourm    .   z - +0 shield
rNeg     . . .     Faith    .   g - +0 ice dragon scales
rPois    .         Spirit   .   h - +0 helmet
rElec    +         Reflect  .   C - +0 cloak
rCorr    .         Harm     .   (no gloves)
MR       .....     NoTele   +   P - +3 centaur barding "Garim" {rElec rF+}
Stlth    ..........             (no amulet)
HPRegen  0.25/turn              J - ring of wizardry
MPRegen  0.15/turn              (no ring)

@: drained, very quick
A: large, hooves 3, deformed body, speed 2, screaming 1, tough skin 3
a: Heroism, Finesse, Renounce Religion


You were in a Gauntlet.
You worshipped Okawaru.
Okawaru was extremely pleased with you.
You were not hungry.

You visited 2 branches of the dungeon, and saw 14 of its levels.
You also visited: Gauntlet.

You collected 664 gold pieces.
You spent 30 gold pieces at shops.

Inventory:

Hand Weapons
 a - a +1 hand axe of venom
 b - a +1 trident (weapon)
 e - a +3 hand axe
 n - a +0 whip of flaming
 B - a +0 short sword of freezing
 F - a +0 vampiric spear
Missiles
 y - 2 boomerangs
 R - 16 poisoned darts
 S - 11 atropa-tipped darts
 T - 10 silver javelins (quivered)
Armour
 d - +0 acid dragon scales
 g - +0 ice dragon scales (worn)
 h - a +0 helmet (worn)
 z - a +0 shield (worn)
 A - a +1 chain mail
 C - a +0 cloak (worn)
 P - the +3 centaur barding "Garim" (worn) {rElec rF+}
   (Okawaru gifted it to you on level 10 of the Dungeon)

   It protects you from fire.
   It insulates you from electricity.
 U - a +0 troll leather armour
Jewellery
 J - a ring of wizardry (left hand)
Wands
 p - a wand of polymorph (12)
 w - a wand of paralysis (19)
 x - a wand of digging (3)
 G - a wand of clouds (7)
 I - a wand of iceblast (9)
 Q - a wand of disintegration (28)
 V - a wand of acid (6)
Scrolls
 c - a scroll of fear
 i - 4 scrolls of remove curse
 q - 4 scrolls of amnesia
 r - a scroll of blinking
 E - 3 scrolls of immolation
 H - 3 scrolls of teleportation
 K - 2 scrolls of fog
 O - a scroll of brand weapon {unknown}
Potions
 j - a potion of brilliance
 k - a potion of agility
 l - a potion of mutation {unknown}
 m - 3 potions of curing
 o - 4 potions of lignification
 s - a potion of flight {unknown}
 t - 2 potions of ambrosia
 u - 2 potions of might {unknown}
 v - 2 potions of invisibility
 D - 2 potions of haste
 L - 2 potions of heal wounds
 N - a potion of magic {unknown}
Comestibles
 f - 17 rations


   Skills:
 + Level 5.9(5.1) Fighting
 - Level 0.2(0.0) Short Blades
 * Level 8.2(7.4) Polearms
   Level 4.7(3.9) Bows
 * Level 14.5(13.4) Throwing
 * Level 5.5(4.7) Armour
 - Level 1.3(0.6) Dodging
 - Level 1.6(0.9) Stealth
 * Level 5.6(4.8) Shields
 - Level 1.0(0.2) Spellcasting
 - Level 2.6(1.9) Hexes
 - Level 6.0(5.2) Invocations


You had 9 spell levels left.
You knew the following spells:

 Your Spells              Type           Power        Failure   Level  Hunger
a - Corona                Hex            #......      45%         1    ##.....
b - Confuse               Hex            #.......     82%         3    ####...

Your spell library contained the following spells:

 Spells                   Type           Power        Failure   Level  Hunger
 Slow                     Hex            #.......     58%         2    ###....
 Ensorcelled Hibernation  Hex/Ice        #.....       73%         2    ###....
 Tukima's Dance           Hex            #.......     82%         3    ####...
 Dazzling Spray           Conj/Hex       #.....       91%         3    ####...
 Inner Flame              Hex/Fire       #.......     91%         3    ####...
 Portal Projectile        Hex/Tloc       #.....       91%         3    ####...
 Cause Fear               Hex            #.........   99%         4    #####..
 Leda's Liquefaction      Hex/Erth       #.........   100%        4    #####..


Dungeon Overview and Level Annotations

Branches:
Dungeon (13/15)            Temple (1/1) D:4            Lair (0/6) D:8
    Orc (0/2) D:9
 Vaults: D:13-14

Altars:
Cheibriados
Dithmenos
Elyvilon
Fedhas
Hepliaklqana
Kikubaaqudgha
Makhleb
Nemelex Xobeh
Okawaru
Ru
Sif Muna
Trog
Uskayaw
Vehumet
Wu Jian
Xom
Yredelemnul

Shops:
D:4 ?

Annotations:
D:1 exclusion: 2 downstairs
D:2 Sigmund
D:3 exclusion: downstairs
D:4 exclusion: downstairs, Eustachio
D:5 exclusion: downstairs
D:6 exclusion: downstairs
D:7 exclusion: downstairs
D:8 2 transporters, Grum
D:9 exclusion: downstairs
D:11 exclusion: 2 downstairs
D:12 exclusion: oklob sapling Gauntlet 13 transporters, 1 runed translucent door


Innate Abilities, Weirdness & Mutations

You have hooves in place of feet.
Armour fits poorly on your strangely shaped body.
You cover ground very quickly.
You have extremely tough skin. (AC +3)
You occasionally shout uncontrollably at your foes.


Message History

The slime creature hits you!
You puncture the slime creature! Your kick misses the slime creature.
The slime creature is moderately wounded.
The large slime creature hits you but does no damage.
The slime creature hits you!
You hit the slime creature. Your kick misses the slime creature.
The slime creature is moderately wounded.
The large slime creature hits you but does no damage.
You block the slime creature's attack. The large slime creature hits you!!
* * * LOW HITPOINT WARNING * * *
You hit the slime creature.
The slime creature is moderately wounded.
You block the slime creature's attack. The large slime creature hits you!!
* * * LOW HITPOINT WARNING * * *
You hit the slime creature but do no damage.
You kick the slime creature!
The slime creature is moderately wounded.
The slime creature hits you but does no damage.
The large slime creature hits you!
You die...

......5#.#....P..≈#
########.#.♣PPP♣..####
.......#.#.........≈≈#
...♣...#.#########..≈#
.PPPP..#.#.......#...##
.#≈#≈#.#.#.###'#.#.∩.≈##
.≈≈≈≈≈.#.#?#≈..#.#...≈≈##
.#≈#≈#.#©#©#≈©.#J#©.♣≈≈≈#
P≈≈≈≈≈.#.#.#≈..#@#...≈≈##
P#≈#≈#.#.#$###'#J#.∩.≈##
.P..PP.#.#.......#...##
...♣P..#.#########..≈#
.......#.#.........≈≈#
########.#.♣PP.♣..####
5.##..5#.#.PPP...≈#
.#...###.#.PP♣..≈≈#
(#..#.3#.#.....####


You could see a large slime creature and a slime creature.

Vanquished Creatures
  An ettin (D:11)
  An ogre mage (D:12)
  2 hydras
  An ice dragon (D:12)
  3 two-headed ogres
  A centaur warrior (D:12)
  2 unseen horrors (D:11)
  Pikel (D:5)
  2 ugly things (D:13)
  A cyclops (D:11)
  A manticore (D:11)
  Psyche (D:10)
  A centaur skeleton (D:12)
  A kobold demonologist (D:11)
  5 trolls
  2 hippogriffs
  A meliai zombie (D:11)
  2 shadows
  A wraith (D:11)
  A wyvern (D:12)
  3 hogs (D:8)
  24 yaks
  A human (D:8)
  2 hungry ghosts
  Menkaure (D:5)
  A steam dragon (D:10)
  3 acid dragons (D:12)
  2 water moccasins (D:12)
  2 orc warriors
  A slave (D:5)
  2 ice beasts
  2 sky beasts
  3 phantoms
  3 ogres
  3 black bears
  3 centaurs (D:8)
  3 wolves (D:8)
  4 big kobolds
  10 bullfrogs
  A wyvern skeleton (D:7)
  3 scorpions
  A water moccasin skeleton (D:5)
  11 killer bees
  3 electric eels (D:8)
  10 howler monkeys
  7 crimson imps
  4 centaur zombies
  Crazy Yiuf (D:7)
  13 hounds
  6 orc wizards
  A bullfrog zombie (D:8)
  4 orc priests
  2 gnoll shamans
  5 jellies
  3 bullfrog skeletons
  An iguana (D:6)
  18 worker ants
  A killer bee zombie (D:9)
  A hound zombie (D:5)
  A mummy (D:5)
  7 gnolls
  9 adders
  4 shadow imps
  2 oozes
  2 adder zombies
  2 adder skeletons
  7 worms
  A dart slug (D:2)
  6 leopard geckos
  29 orcs
  9 bats
  7 goblins
  5 hobgoblins
  9 jackals
  4 quokkas
  6 ball pythons
  6 frilled lizards
  19 kobolds
  A quokka skeleton (D:4)
  7 rats
343 creatures vanquished.

Vanquished Creatures (others)
  A quokka (D:8)
  A kobold (D:12)
  11 plants
13 creatures vanquished.

Grand Total: 356 creatures vanquished

Notes
Turn   | Place    | Note
-------+----------+-------------------------------------------
     0 | D:1      | ShaftProof the Centaur Arcane Marksman began the quest for
                  | the Orb.
     0 | D:1      | Reached XP level 1. HP: 16/16 MP: 2/2
   102 | D:1      | Reached XP level 2. HP: 16/23 MP: 3/3
   893 | D:1      | Reached skill level 1 in Armour
  1100 | D:1      | Reached XP level 3. HP: 13/28 MP: 4/4
  1523 | D:2      | Noticed Sigmund
  1675 | D:2      | Found a deep blue altar of Sif Muna.
  2844 | D:3      | Reached XP level 4. HP: 13/36 MP: 5/5
  3509 | D:3      | Found a radiant altar of Vehumet.
  3992 | D:4      | Found Ezi Puox's Magic Scroll Shoppe.
  4149 | D:4      | Reached XP level 5. HP: 32/42 MP: 6/6
  4244 | D:4      | Noticed Eustachio
  4487 | D:4      | Found a staircase to the Ecumenical Temple.
  4511 | Temple   | Entered the Ecumenical Temple
  4534 | Temple   | Became a worshipper of Warmaster Okawaru
  4830 | D:4      | Bought a scroll of teleportation for 30 gold pieces
  4858 | D:4      | Found a bloodstained altar of Trog.
  5246 | D:4      | Reached XP level 6. HP: 44/50 MP: 7/7
  5317 | D:4      | Found a sacrificial altar of Ru.
  5370 | D:4      | HP: 1/50 [white imp/puff of frost[Eustachio] (7)]
  5380 | D:4      | HP: 1/50 [bat[Eustachio] (1)]
  5711 | D:5      | Entered Level 5 of the Dungeon
  6099 | D:5      | Noticed a slave
  6099 | D:5      | Noticed a slave
  6120 | D:5      | Noticed a sky beast
  6123 | D:5      | Killed a slave
  6150 | D:5      | Killed a sky beast
  6150 | D:5      | Reached skill level 2 in Throwing
  6278 | D:5      | Reached skill level 3 in Throwing
  6336 | D:5      | Noticed Pikel
  6338 | D:5      | Noticed a slave
  6338 | D:5      | Noticed a slave
  6772 | D:5      | Killed Pikel
  6772 | D:5      | Reached * piety under Okawaru
  6772 | D:5      | Reached ** piety under Okawaru
  6772 | D:5      | Reached skill level 6 in Throwing
  6772 | D:5      | Reached XP level 7. HP: 46/56 MP: 8/8
  7053 | D:5      | Reached skill level 1 in Invocations
  7157 | D:5      | Noticed Menkaure
  7173 | D:5      | Killed Menkaure
  7173 | D:5      | Reached skill level 7 in Throwing
  7173 | D:5      | Reached XP level 8. HP: 29/62 MP: 6/9
  7369 | D:5      | Found a snail-covered altar of Cheibriados.
  7804 | D:6      | Reached *** piety under Okawaru
  8133 | D:6      | Reached skill level 8 in Throwing
  8478 | D:6      | Found a blossoming altar of Fedhas.
  8628 | D:6      | Reached skill level 9 in Throwing
  9092 | D:6      | Reached skill level 1 in Shields
  9332 | D:6      | Reached XP level 9. HP: 42/68 MP: 12/12
 10037 | D:7      | Found an ornate altar of the Wu Jian Council.
 10452 | D:7      | Reached **** piety under Okawaru
 10625 | D:7      | Found a hazy altar of Hepliaklqana.
 10625 | D:7      | Found a burning altar of Makhleb.
 10626 | D:7      | Found a shimmering altar of Xom.
 10832 | D:7      | Reached skill level 1 in Polearms
 10832 | D:7      | Reached skill level 10 in Throwing
 11039 | D:7      | Found a runed translucent door.
 11040 | D:7      | Noticed Crazy Yiuf
 11325 | D:7      | Received a gift from Okawaru
 11909 | D:7      | Killed Crazy Yiuf
 12317 | D:8      | Reached XP level 10. HP: 55/78 MP: 13/13
 12323 | D:8      | Reached skill level 11 in Throwing
 12635 | D:8      | Found a staircase to the Lair.
 13446 | D:8      | Found a transporter.
 13510 | D:8      | Found a transporter.
 13514 | D:8      | Noticed Grum
 13700 | D:8      | Received a gift from Okawaru
 14089 | D:8      | Found a white marble altar of Elyvilon.
 14501 | D:9      | Received a gift from Okawaru
 14510 | D:9      | Found a shadowy altar of Dithmenos.
 14613 | D:9      | Found a basalt altar of Yredelemnul.
 14720 | D:9      | Found a staircase to the Orcish Mines.
 14739 | D:9      | Reached skill level 12 in Throwing
 15016 | D:9      | Noticed a two-headed ogre
 15048 | D:9      | Killed a two-headed ogre
 15048 | D:9      | Reached ***** piety under Okawaru
 15398 | D:10     | Entered Level 10 of the Dungeon
 15634 | D:10     | Noticed a two-headed ogre
 15907 | D:10     | Noticed Psyche
 16098 | D:10     | Killed a two-headed ogre
 16098 | D:10     | Received a gift from Okawaru
 16098 | D:10     | Reached XP level 11. HP: 85/85 MP: 14/14
 16145 | D:10     | Got an ancient centaur barding {god gift}
 16151 | D:10     | Identified the +3 centaur barding "Garim" {rElec rF+}
                  | (Okawaru gifted it to you on level 10 of the Dungeon)
 16497 | D:10     | Reached skill level 5 in Armour
 16581 | D:10     | Killed Psyche
 17005 | D:11     | Noticed a five-headed hydra
 17173 | D:11     | Reached skill level 5 in Fighting
 17279 | D:10     | Reached skill level 5 in Polearms
 17279 | D:10     | Reached skill level 13 in Throwing
 17324 | D:10     | Learned a level 3 spell: Confuse
 17440 | D:11     | Killed an unseen horror
 17440 | D:11     | Reached skill level 5 in Invocations
 17567 | D:11     | Killed a five-headed hydra
 17748 | D:11     | Gained mutation: You occasionally shout uncontrollably at
                  | your foes. [a neqoxec]
 18036 | D:11     | Killed an unseen horror
 19065 | D:12     | Noticed an ettin
 19068 | D:12     | Noticed an ice dragon
 19103 | D:11     | Killed an ettin
 19103 | D:11     | Received a gift from Okawaru
 19145 | D:12     | Noticed a centaur warrior
 19318 | D:12     | Reached XP level 12. HP: 91/94 MP: 16/16
 19467 | D:12     | Noticed a four-headed hydra
 19468 | D:12     | Received a gift from Okawaru
 19482 | D:12     | Killed a four-headed hydra
 19482 | D:12     | Reached skill level 5 in Shields
 19536 | D:12     | Noticed a two-headed ogre
 19602 | D:11     | Killed a two-headed ogre
 19602 | D:11     | Received a gift from Okawaru
 19815 | D:12     | Killed an ice dragon
 19815 | D:12     | Received a gift from Okawaru
 19815 | D:12     | Reached skill level 14 in Throwing
 19831 | D:12     | Got a crude bardiche {god gift}
 19850 | D:12     | Identified the +6 bardiche "Zast" {antimagic, Str+5 Int+4}
                  | (Okawaru gifted it to you on level 12 of the Dungeon)
 20345 | D:11     | Reached skill level 1 in Stealth
 20723 | D:12     | Noticed an ogre mage
 20733 | D:12     | Paralysed by an ogre mage for 6 turns
 20754 | D:12     | Killed an ogre mage
 21145 | D:12     | Killed a centaur warrior
 21145 | D:12     | Received a gift from Okawaru
 21149 | D:12     | Got a fine centaur barding {god gift}
 21160 | D:12     | Identified the +2 centaur barding of Lerum {*Drain Dex+7}
                  | (Okawaru gifted it to you on level 12 of the Dungeon)
 22026 | D:13     | Found a gate leading to a gauntlet.
 22046 | Gauntlet | Entered a Gauntlet
 22046 | Gauntlet | Found a transporter.
 22046 | Gauntlet | Found a runed translucent door.
 22047 | Gauntlet | Found a runed translucent door.
 22051 | Gauntlet | Found a transporter.
 22053 | Gauntlet | Found a transporter.
 22064 | Gauntlet | Found a transporter.
 22065 | Gauntlet | Found a transporter.
 22073 | Gauntlet | Found a transporter.
 22089 | Gauntlet | Found a transporter.
 22098 | Gauntlet | Found a transporter.
 22102 | Gauntlet | Found a runed translucent door.
 22110 | Gauntlet | Found a transporter.
 22127 | Gauntlet | Found a transporter.
 22138 | Gauntlet | Found a transporter.
 22138 | Gauntlet | Found a transporter.
 22202 | Gauntlet | Noticed a catoblepas
 22204 | Gauntlet | Found a transporter.
 22204 | Gauntlet | Found a transporter.
 22324 | Gauntlet | HP: 2/95 [large slime creature (20)]
 22325 | Gauntlet | Mangled by a large slime creature

Levels and vault maps discovered:
D:1:      wander_arrival_estate, layout_rooms
D:2:      layout_loops_ring, led_sif_pool, uniq_sigmund
D:3:      layout_loops_ring, marbit_many_paths
D:4:      layout_basic, nicolae_ru_the_path_less_chosen,
          nicolae_overflow_hidden_temple, minmay_temple_entry_mini_moons,
          first_ration, serial_shops, shop, uniq_eustachio
D:5:      layout_cave_pools, slow_altar_1, uniq_pikel, uniq_menkaure
D:6:      layout_basic, lemuel_crystal_altar, cheibrodos_sewer_entry_bend,
          minmay_chambers_of_fives
D:7:      minmay_chambers_of_sevens, layout_basic,
          grunt_temple_overflow_diamond, kennysheep_mini_moat,
          uniq_crazy_yiuf_cottage
D:8:      layout_loops_ring, lemuel_crystal_altar, erik_lair_island,
          gammafunk_ghost_gnarly_gnolls, grunt_livestock, nrook_mini_backslash
D:9:      layout_stronghold, old_standard_altar, kennysheep_mini, orc_0_dummy
D:10:     layout_basic, uniq_psyche
D:11:     layout_roguey
D:12:     minmay_diamond_stairs, layout_rooms, drop_trap,
          introduction_to_nature_2
D:13:     layout_irregular_city, erik_vaults_2, gauntlet_entry_generic
Temple:   compressed_dpeg_circular_temple
Gauntlet: minmay_gauntlet_77_tree [minmay_gauntlet_arena_77_shame_cube,
          minmay_gauntlet_arena_77_squiggly,
          minmay_gauntlet_arena_77_chump_sandwich,
          minmay_gauntlet_arena_77_double_cross,
          minmay_gauntlet_arena_77_two_lines, minmay_gauntlet_arena_77_path,
          minmay_gauntlet_arena_77_fan, gauntlet_exit_spiral]

Skill      XL: |  1  2  3  4  5  6  7  8  9 10 11 12 |
---------------+-------------------------------------+-----
Bows           | 3 4 |  4.7
Armour         | 1 2 3 4 5 |  5.5
Fighting       | 2 4 5 |  5.9
Throwing       | 6 7 9 10 12 13 14 | 14.5
Invocations    | 2 4 5 6 |  6.0
Shields        | 1 2 3 4 5 |  5.6
Polearms       | 2 4 6 8 |  8.2
Stealth        | 1 |  1.6
Short Blades   | |  0.2
Dodging        | |  1.3
Spellcasting   | |  1.0
Hexes          | |  2.6

Action                   |  1- 3 |  4- 6 |  7- 9 | 10-12 || total
-------------------------+-------+-------+-------+-------++-------
Melee: Unarmed           |    37 |       |       |       ||    37
       Kick              |    26 |    39 |    84 |   167 ||   316
       Club              |   146 |    58 |       |       ||   204
       Short sword       |       |    81 |     5 |       ||    86
       Hand axe          |       |    50 |   342 |   161 ||   553
       Whip              |       |       |    25 |     5 ||    30
       Spear             |       |       |       |   326 ||   326
       Trident           |       |       |       |   397 ||   397
 Fire: Shortbow          |    13 |    55 |       |       ||    68
Throw: Boomerang         |    50 |    49 |    30 |    92 ||   221
       Stone             |       |       |    38 |       ||    38
       Dart              |       |       |    60 |   215 ||   275
       Javelin           |       |       |       |    31 ||    31
Invok: Heroism           |       |       |     6 |     7 ||    13
Evoke: Wand              |       |       |     4 |     3 ||     7
  Use: Potion            |       |     2 |     2 |       ||     4
       Scroll            |       |     1 |    13 |     5 ||    19
 Stab: Paralysed         |       |       |     2 |       ||     2
  Eat: Chunk             |     5 |     7 |     7 |    20 ||    39
       Ration            |       |     1 |     3 |     4 ||     8
Armor: Robe              |    37 |       |       |       ||    37
       Ring mail         |    57 |    26 |       |       ||    83
       Chain mail        |       |   128 |   243 |   248 ||   619
       Troll leather arm |       |       |       |   150 ||   150
       Ice dragon scales |       |       |       |    93 ||    93
Dodge: Dodged            |   103 |    56 |    45 |   115 ||   319
Block: Shield            |       |    65 |   143 |   322 ||   530

Table legend:
 A = Non-vault XP
 B = Vault XP
 C = Vault XP percentage of total XP
 D = Non-vault monster count
 E = Vault monster count
 F = Vault count percentage of total count
                 A         B        C        D         E       F
            +---------+---------+-------+---------+---------+-------
      Total |   24417 |    8899 |  26.7 |     285 |      57 |  16.7
            +---------+---------+-------+---------+---------+-------
        D:1 |      43 |       0 |   0.0 |      23 |       0 |   0.0
        D:2 |      44 |       0 |   0.0 |      14 |       0 |   0.0
        D:3 |      69 |       3 |   4.2 |      18 |       1 |   5.3
        D:4 |     228 |       0 |   0.0 |      11 |       0 |   0.0
        D:5 |     393 |     797 |  67.0 |      13 |       3 |  18.8
        D:6 |    1269 |     143 |  10.1 |      30 |       6 |  16.7
        D:7 |    1366 |     698 |  33.8 |      34 |      12 |  26.1
        D:8 |    1379 |    1848 |  57.3 |      24 |      14 |  36.8
        D:9 |    1765 |       0 |   0.0 |      18 |       0 |   0.0
       D:10 |    2460 |     410 |  14.3 |      21 |       1 |   4.5
       D:11 |   11921 |    1374 |  10.3 |      64 |       6 |   8.6
       D:12 |    2349 |    3499 |  59.8 |      13 |      11 |  45.8
       D:13 |    1131 |       0 |   0.0 |       2 |       0 |   0.0
   Gauntlet |       0 |     127 | 100.0 |       0 |       3 | 100.0
            +---------+---------+-------+---------+---------+-------
